Workbook

Sheet receiptsandpayment
A4: 2023/24 | B4: LUDGERSHALL PARISH COUNCIL | C4: Power/Statute
A5: 1st April | B5: balances | D5: Treasurer | E5: 737.39
D6: Village Green | E6: 74227.23
D7: Play Area | E7: 6913.29
D8: Charities | E8: 443.04
D9: total | E9: =SUM(E5:E8) -> 82320.95 | I9: INCOME | W9: EXPENDITURE
A10: date | B10: description | D10: Cheque Number | E10: Treasurer's a/c | F10: Village Green a/c | G10: Play Area a/c | H10: Charities | I10: Precept | J10: Devolved Services | K10: Interest - Savings | L10: Marquee Hire | M10: Grants / Donations | N10: Reclaimable VAT | O10: Miscellaneous | P10: Play Area Fundraising | Q10: Play Area 200 Club Subscriptions | R10: Interest - Village Green | S10: Easements | T10: Wayleaves/Village Green - BT | U10: Wayleaves/Village Green - Power Networks | V10: Wayleaves/Village Green - Gigaclear | W10: Clerk salary | X10: HMRC PAYE | Y10: Clerk / Councillor expenses | Z10: Training | AA10: Subscriptions - BALC, SLCC, BPFA, OSS, AVALC | AB10: Insurance | AC10: Legal fees & Data Protection/ICO | AD10: Election Costs | AE10: Internal Audit | AF10: External Audit | AG10: Hire of Village Hall for meetings | AH10: Play Around Parishes | AI10: Devolved Services | AJ10: Coronation Events | AK10: Pond | AL10: Emptying dog bins | AM10: Electrical Equipment | AN10: Grants | AO10: Website / Laptop | AP10: Archiving | AQ10: Footpaths | AR10: VAT | AS10: Play Area Maintenance | AT10: Play Area Equipment | AU10: 200 Club Lottery Registration | AV10: Play Area 200 Club Prizes | AW10: ROSPA Inspection | AX10: Trees / Ground Maintenance | AY10: Village Notice Boards / Benches - maintenance & repairs | AZ10: Legal Fees for the Green | BA10: Tractor Insurance | BB10: Tractor Servicing & Repairs | BC10: Mower Servicing & Repairs | BD10: Miscellaneous | BE10: Monthly payments | BF10: Monthly receipts
A11: 45020 | B11: Devolved Services | E11: 1329.93 | J11: 1329.93
A12: 45029 | B12: Jet Washer | E12: 170 | O12: 170
A13: 45036 | B13: Precept 1st Installment | E13: 5467.5 | I13: 5467.5
A14: 45025 | B14: Interest | F14: 46.98 | H14: 0.28 | K14: 0.28 | R14: 46.98
A15: 45036 | B15: Clerk Salary - April | D15: 567 | E15: 241.85 | W15: 241.85
A16: 45036 | B16: HMRC - PAYE | D16: 568
A17: 45036 | B17: R Damerell - Zoom Subs | D17: 569 | E17: 43.17 | Y17: 43.17
A18: 45036 | B18: R Damerell - Stamps | D18: 570 | E18: 8.8 | Y18: 8.8
A19: 45036 | B19: J Goss - Petrol | D19: 571 | E19: 28.4 | Y19: 28.4
A20: 45017 | B20: 200 Club 1st Prize - April | D20: 409 | G20: 50 | AV20: 50
A21: 45017 | B21: 200 Club 2nd Prize - April | D21: 410 | G21: 35 | AV21: 35
A22: 45017 | B22: 200 Club 3rd Prize - April | D22: 411 | G22: 25 | AV22: 25
A23: 45017 | B23: 200 Club 4th Prize - April | D23: 412 | G23: 20 | AV23: 20 | BE23: =SUM(W11:BC23) -> 452.22 | BF23: =SUM(I11:V23) -> 7014.69
A24: 45055 | B24: Interest | F24: 42.22 | H24: 0.25 | K24: 0.25 | R24: 42.22
A25: 45064 | B25: Clerk Salary - May | D25: 576 | E25: 241.85 | W25: 241.85
A26: 45064 | B26: HMRC - PAYE | D26: 577
A27: 45064 | B27: VOID | D27: 578
A28: 45064 | B28: B Knight - Internal Audit | D28: 579 | E28: 99 | AE28: 99
A29: 45064 | B29: R Damerell - Zoom Subs | D29: 580 | E29: 31.58 | Y29: 31.58
A30: 45064 | B30: Lars Laj - Play Area repair / Inspection | D30: BACS | E30: 708 | AS30: 708
A31: 45070 | B31: BALC Subscription | D31: BACS | E31: 64.84 | AA31: 64.84
A32: 45064 | B32: J Goss - Petrol | D32: BACS | G32: 26.78 | BB32: 26.78
A33: 45072 | B33: KJ Cleaning Solutions - Play Area Clean | D33: BACS | G33: 480 | AS33: 480
A34: 45047 | B34: May 200 Club 1st Prize | D34: 413 | G34: 50 | AV34: 50
A35: 45047 | B35: May 200 Club 2nd Prize | D35: 414 | G35: 35 | AV35: 35
A36: 45047 | B36: May 200 Club 3rd Prize | D36: 415 | G36: 25 | AV36: 25
A37: 45047 | B37: May 200 Club 4th Prize | D37: 416 | G37: 20 | AV37: 20 | BE37: =SUM(W24:BC37) -> 1782.05 | BF37: =SUM(I24:V37) -> 42.47
B38: Coronation Coins | E38: 170 | O38: 170
A39: 45086 | B39: Interest | F39: 47.29 | H39: 0.28 | K39: 0.28 | R39: 47.29
A40: 45079 | B40: Gallagher - Liability Insurance | D40: BACS | E40: 1535.05 | AB40: 1535.05 | AR40: 0
A41: 45083 | B41: Land Registry OC2 Form | D41: 581 | E41: 14 | AR41: 0 | BD41: 14
A42: 45083 | B42: Land Registry OC2 Form | D42: 582 | E42: 203 | AR42: 0 | BD42: 203
A43: 45106 | B43: Land Registry - Footpaths | D43: 583 | E43: 6.85 | AQ43: 6.85 | AR43: 0
A44: 45078 | B44: 200 Club June 1st Prize | D44: 417 | G44: 50 | AR44: 0 | AV44: 50
A45: 45078 | B45: 200 Club June 2nd Prize | D45: 418 | G45: 35 | AR45: 0 | AV45: 35
A46: 45078 | B46: 200 Club June 3rd Prize | D46: 419 | G46: 25 | AR46: 0 | AV46: 25
A47: 45078 | B47: 200 Club June 4th Prize | D47: 420 | G47: 20 | AR47: 0 | AV47: 20
A48: 45106 | B48: Dave King - Water for the Play Area Clean | D48: 486 | G48: 25 | AR48: 0 | AS48: 25 | BE48: =SUM(W38:BD48) -> 1913.9 | BF48: =SUM(I38:V48) -> 217.57
A49: 45117 | B49: Interest | F49: 50.18 | H49: 0.3 | K49: 0.3 | R49: 50.18
A50: 45114 | B50: UKPN Wayleave | F50: 449.42 | U50: 449.42
A51: 45125 | B51: Deposit | G51: 377.6 | P51: 377.6
A52: 45111 | B52: Small Lottery License | D52: BACS | G52: 40 | AU52: 40
A53: 45132 | B53: Play Area Goal Nets | D53: BACS | G53: 2200.8 | AR53: 366.8 | AT53: 1834
A54: 45111 | B54: Ludgershall Memorial Hall Grant | D54: BACS | E54: 500 | AN54: 500
A55: 45111 | B55: Re-imbursement to Village Hall for Coronation events | D55: BACS | E55: 130 | AN55: 130
A56: 45111 | B56: Zoom Subs | D56: BACS | E56: 15.59 | Y56: 15.59
A57: 45111 | B57: Printer ink | D57: BACS | E57: 20.73 | Y57: 20.73
A58: 45111 | B58: RoSPA - Play Area inspection | D58: BACS | E58: 157.2 | AR58: 26.2 | AW58: 131
A59: 45111 | B59: J Goss - Petrol | D59: BACS | E59: 26.61 | Y59: 26.61
A60: 45111 | B60: R Damerell - Clerk Salary - June | D60: BACS | E60: 241.85 | W60: 241.85
A61: 45111 | B61: HMRC - PAYE June | D61: BACS | E61: 60.4 | X61: 60.4
A62: 45132 | B62: HMRC - PAYE | D62: BACS | E62: 239.86 | X62: 239.86
A63: 45108 | B63: 200 Club 1st Prize - July | D63: 481 | G63: 50 | AV63: 50
A64: 45108 | B64: VOID | D64: 482
A65: 45108 | B65: 200 Club 3rd Prize - July | D65: 483 | G65: 25 | AV65: 25
A66: 45108 | B66: 200 Club 4th Prize - July | D66: 484 | G66: 20 | AV66: 20
A67: 45108 | B67: K Tiffin reissue (000333) | D67: 485 | G67: 20 | AV67: 20 | BE67: =SUM(W49:BD67) -> 3748.04 | BF67: =SUM(I49:V67) -> 877.5
A68: 45146 | B68: HMRC VAT Reclaim | D68: BACS | E68: 1314.3 | N68: 1314.3
A69: 45147 | B69: Interest | F69: 54.96 | H69: 0.33 | K69: 0.33 | R69: 54.96
A70: 45169 | B70: Transfer to Treasurers from VG | D70: BACS | E70: 127.16 | F70: 127.16 | O70: 127.16 | BD70: 127.16
A71: 45139 | B71: R Damerell - Clerk Salary - July | D71: BACS | E71: 214.85 | W71: 214.85
A72: 45169 | B72: HMRC - PAYE July | D72: BACS | E72: 60.4 | X72: 60.4
A73: 45169 | B73: J Goss - Petrol | D73: BACS | E73: 56.19 | Y73: 56.19
A74: 45169 | B74: J Goss - Petrol | D74: BACS | E74: 70.97 | Y74: 70.97
A75: 45169 | B75: R Damerell - Clerk Salary - August | D75: BACS | E75: 268.85 | W75: 268.85
A76: 45169 | B76: HMRC - PAYE July | D76: BACS | E76: 60.4 | X76: 60.4
A77: 45139 | B77: 200 Club 1st Prize | D77: 486 | G77: 50 | AV77: 50
A78: 45139 | B78: 200 Club Prize | D78: 487 | G78: 35 | AV78: 35
A79: 45139 | B79: 200 Club 1st Prize | D79: 488 | G79: 25 | AV79: 25
A80: 45139 | B80: 200 Club 1st Prize | D80: 489 | G80: 20 | AV80: 20 | BE80: =SUM(W68:BD80) -> 988.82 | BF80: =SUM(I68:V80) -> 1496.75
A81: 45184 | B81: Bucks Council - Precept | D81: BACS | E81: 5467.5 | I81: 5467.5
A82: 45178 | B82: Interest | F82: 69.42 | G82: 0.42 | K82: 0.42 | R82: 69.42
A83: 45174 | B83: Val Evans - 200 Club Sub | D83: BACS | G83: 20 | Q83: 20
A84: 45176 | B84: Thame Branch Deposit | D84: BACS | G84: 120 | Q84: 120
A85: 45180 | B85: C Rosentall - 200 Club | D85: BACS | G85: 20 | Q85: 20
A86: 45181 | B86: Fete - Aftersales | D86: BACS | G86: 85 | Q86: 85
A87: 45182 | B87: T Cartwright-Loeb - 200 Club sub | D87: BACS | G87: 40 | Q87: 40
A88: 45182 | B88: K Pratt - 200 Club Sub | D88: BACS | G88: 20 | Q88: 20
A89: 45183 | B89: Medisol - Defib Service | D89: BACS | E89: 178.8 | AM89: 178.8
A90: 45199 | B90: Clerk Salary - September | D90: BACS | E90: 268.85 | W90: 268.85
A91: 45170 | B91: 200 Club 1st Prize | D91: 491 | G91: 50 | AV91: 50
A92: 45170 | B92: 200 Club 2nd Prize | D92: 492 | G92: 35 | AV92: 35
A93: 45170 | B93: 200 Club 3rd Prize | D93: 493 | G93: 25 | AV93: 25
A94: 45170 | B94: 200 Club 4th Prize | D94: 494 | G94: 20 | AV94: 20
A95: 45170 | B95: Reissue Chequ 482 | D95: 495 | G95: 5 | AV95: 5 | BE95: =SUM(W81:BD95) -> 582.65 | BF95: =SUM(I81:V95) -> 5842.34
A96: 45208 | B96: Interest | F96: 68.23 | H96: 0.41 | K96: 0.41 | R96: 68.23
A97: 45201 | B97: Fete Donation | G97: 2151.27 | O97: 2151.27
A98: 45201 | B98: L Gapper - 200 Club | G98: 20 | Q98: 20
A99: 45201 | B99: E Eades - 200 Club | G99: 20 | Q99: 20
A100: 45202 | B100: A Blackwell - 200 Club | G100: 40 | Q100: 40
A101: 45203 | B101: F Omerton-Co 200 Club | G101: 20 | Q101: 20
A102: 45204 | B102: C & A Brown - 200 Club | G102: 40 | Q102: 40
A103: 45204 | B103: LK Taylor - 200 Club | G103: 40 | Q103: 40
...

Sheet bankrec
B5: LUDGERSHALL PARISH COUNCIL BANK RECONCILIATION
C7: 45016 | D7: 45046 | E7: 45077 | F7: 45107 | G7: 45138 | H7: 45169 | I7: 45199 | J7: 45230 | K7: 45260 | L7: 45291 | M7: 45322 | N7: 45350 | O7: 45382
B9: Treasurer's Current A/c | C9: 737.39 | D9: 6175.15 | E9: 4637.47 | F9: 3520.79 | G9: 2128.55 | H9: 2838.35 | I9: 7858.2 | J9: 7555.95 | K9: 7131.34 | O9: 737.39
B10: Village Green A/c | C10: 74227.23 | D10: 74274.21 | E10: 74316.43 | F10: 73799.35 | G10: 74298.95 | H10: 74226.75 | I10: 74296.17 | J10: 73800.03 | K10: 76508.46 | O10: 74227.23
B11: Play Area A/c | C11: 6913.29 | D11: 6833.29 | E11: 6231.51 | F11: 5961.51 | G11: 4073.31 | H11: 3978.31 | I11: 4263.31 | J11: 6899.58 | K11: 6660.39 | O11: 6913.29
B12: Charities A/c | C12: 443.04 | D12: 443.32 | E12: 443.57 | F12: 443.85 | G12: 444.15 | H12: 444.48 | I12: 444.9 | J12: 445.31 | K12: 445.8 | O12: 443.04
B13: Total | C13: =SUM(C9:C12) -> 82320.95 | D13: =SUM(D9:D12) -> 87725.97 | E13: =SUM(E9:E12) -> 85628.98 | F13: =SUM(F9:F12) -> 83725.5 | G13: =SUM(G9:G12) -> 80944.96 | H13: =SUM(H9:H12) -> 81487.89 | I13: =SUM(I9:I12) -> 86862.58 | J13: =SUM(J9:J12) -> 88700.87 | ... O13: =SUM(O9:O12) -> 82320.95
A16: A | B16: Change in Bank Balance (A) | C16: 49056.17 | D16: =D13-C13 -> 5405.02 | E16: =E13-D13 -> -2096.99 | F16: =F13-E13 -> -1903.48 | G16: =G13-F13 -> -2780.54 | H16: =H13-G13 -> 542.93 | I16: =I13-H13 -> 5374.69 | J16: =J13-I13 -> 1838.29 | K16: =K13-J13 -> 2045.12 | ... O16: =O13-N13 -> 82320.95
B19: Receipts | C19: 185.4 | D19: =receiptsandpayment!BF23 -> 7014.69 | E19: =receiptsandpayment!BF37 -> 42.47 | F19: =receiptsandpayment!BF48 -> 217.57 | G19: =receiptsandpayment!BF67 -> 877.5 | H19: =receiptsandpayment!BF80 -> 1496.75 | I19: =receiptsandpayment!BF95 -> 5842.34 | J19: =receiptsandpayment!BF130 -> 2919.91 | K19: =receiptsandpayment!BF150 -> 2948.92 | L19: =receiptsandpayment!BF222 -> 0 | M19: =receiptsandpayment!BF237 -> 0 | N19: =receiptsandpayment!BF246 -> 0 | O19: =receiptsandpayment!BF258 -> 0
B20: Payments | C20: 2116.05 | D20: =receiptsandpayment!BE23 -> 452.22 | E20: =receiptsandpayment!BE37 -> 1782.05 | F20: =receiptsandpayment!BE48 -> 1913.9 | G20: =receiptsandpayment!BE67 -> 3748.04 | H20: =receiptsandpayment!BE80 -> 988.82 | I20: =receiptsandpayment!BE95 -> 582.65 | J20: =receiptsandpayment!BE130 -> 1096.62 | K20: =receiptsandpayment!BE150 -> 888.8 | L20: =receiptsandpayment!BE222 -> 0 | M20: =receiptsandpayment!BE237 -> 0 | N20: =receiptsandpayment!BE246 -> 0 | O20: =receiptsandpayment!BE258 -> 0
B21: Difference(B) | C21: =C19-C20 -> -1930.65 | D21: =D19-D20 -> 6562.47 | E21: =E19-E20 -> -1739.58 | F21: =F19-F20 -> -1696.33 | G21: =G19-G20 -> -2870.54 | H21: =H19-H20 -> 507.93 | I21: =I19-I20 -> 5259.69 | J21: =J19-J20 -> 1823.29 | ... O21: =O19-O20 -> 0
B25: Difference (A-B) | C25: =C16-C21 -> 50986.82 | D25: =D16-D21 -> -1157.45 | E25: =E16-E21 -> -357.41 | F25: =F16-F21 -> -207.15 | G25: =G16-G21 -> 90 | H25: =H16-H21 -> 35 | I25: =I16-I21 -> 115 | J25: =J16-J21 -> 15 | ... O25: =O16-O21 -> 82320.95
B28: Cheques now paid | C28: Cheque 397 - £25.00 Cheque 550 - £60.40 Cheque 557 - £60.40 Cheque 560 - £1,446.00 Cheque 400 - £50.00 Cheque 401 - £35.00 Cheque 403 - £25.00 Cheque 404 - £20.00 | D28: Cheque 396 - £35.00 Cheque 407 - £25.00 Cheque 408 - £20.00 Cheque 566 - £1,235.85 | E28: Cheque 561 - £463.01 Cheque 571 - £28.40 Cheque 409 - £50.00 Cheque 412 - £20.00 | F28: Cheque 579 - £99.00 Cheque 410 - £35.00 Cheque 413 - £50.00 Cheque 414 - £35.00 Cheque 416 - £20.00 | G28: Cheque 411 - £25.00 | H28: Cheque 481 - £50.00 Cheque 483 - £25.00 Cheuqe 484 - £20.00 | I28: Cheque 485 - £20.00 | J28: Cheque 486 - £25.00 Cheque 487 - £50.00 Cheque 489 - £25.00 Cheque 490 - £20.00 Cheque 491 - £50.00 Cheque 493 - £25.00 Cheque 494 - £20.00 | K28: Cheque 496 - £100.00 Cheque 499 - £25.00 Cheque 500 - £20.00
B29: TOTAL | C29: 1721.8 | D29: 1315.85 | E29: 561.41 | F29: 239 | G29: 25 | H29: 95 | I29: 20 | J29: 215 | K29: 145
B30: Cheques not yet presented | C30: Cheque 565 - £60.40 Cheque 566 - £1,235.85 Cheque 407 - £25.00 Cheque 408 - £20.00 | D30: Cheque 568 VOID Cheque 571 - £28.40 Cheque 409 - £50.00 Cheque 410 - £35.00 Cheque 411 - £25.00 Cheque 412 - £20.00 | E30: Cheque 577 VOID Cheque 579 - £99.00 Cheque 413 - £50.00 Cheque 414 - £35.00 Cheque 416 - £20.00 | F30: Cheque 583 - £6.85 Cheque 486 - £25.00 | G30: Cheque 481 - £50.00 Cheque 482 - VOID Cheque 483 - £25.00 Cheuqe 484 - £20.00 Cheque 485 - £20.00 | H30: Cheque 487 - £50.00 Cheque 488 - £35.00 Cheque 489 - £25.00 Cheque 490 - £20.00 | I30: Cheque 495 - £5.00 Cheque 491 - £50.00 Cheque 492 - £35.00 Cheque 493 - £25.00 Cheque 494 - £20.00 | J30: Cheque 496 - £100.00 Cheque 497 - £50.00 Cheque 498 - £35.00 Cheque 499 - £25.00 Cheque 500 - £20.00 | K30: Cheque 501 - £50.00 Cheque 502 - £35.00 Cheque 503 - £25.00 Cheque 504 - £20.00
B31: TOTAL | C31: 1341.25 | D31: 218.8 | E31: 264.4 | F31: 31.85 | G31: 150 | H31: 130 | I31: 135 | J31: 230 | K31: 130
B32: NET TOTAL AGREES TO DIFFERENCE (A-B above) | C32: =C31-C29 -> -380.55 | D32: =D31-D29 -> -1097.05 | E32: =E31-E29 -> -297.01 | F32: =F31-F29 -> -207.15 | G32: =G31-G29 -> 125 | H32: =H31-H29 -> 35 | I32: =I31-I29 -> 115 | J32: =J31-J29 -> 15 | ... O32: =O31-O29 -> 0

Sheet Budget
B2: Ludgershall Parish Council
H5: 2023/24 | I5: 2023/24
H6: Budget | I6: Year to Date 2023/24
B7: Opening Bank Balance 1st April | H7: 82320.95 | I7: =SUM(I88:I91) -> 90745.99
B8: Unpresented chq | H8: 1778.86 | I8: =I93 -> 296.85
B9: Opening Book Balance - available for spend | H9: =SUM(H7-H8) -> 80542.09 | I9: =SUM(I7-I8) -> 90449.14
B11: RECEIPTS
A12: Treasurers | B12: Precept | H12: 10935 | I12: =receiptsandpayment!I285 -> 10935
B13: Devolved Services Allowance from BCC | H13: 1184 | I13: =receiptsandpayment!J285 -> 1329.93
B14: Interest - Savings a/c | H14: 0 | I14: =receiptsandpayment!K285 -> 2.76
B15: Marquee Hire | H15: 150 | I15: =receiptsandpayment!L285 -> 0
B16: Grants / Donations | H16: 0 | I16: =receiptsandpayment!M285 -> 0
B17: Reclaimable VAT | H17: 1000 | I17: =receiptsandpayment!N285 -> 1314.3
B18: Miscellaneous | H18: 150 | I18: =receiptsandpayment!O285 -> 2618.43
A19: Play Area | B19: Play Area fundraising | H19: 500 | I19: =receiptsandpayment!P285 -> 377.6
B20: Play Area Account - 200 Club | H20: 2240 | I20: =receiptsandpayment!Q285 -> 1245
A21: Village Green | B21: Interest - Village Green A/c | H21: 14 | I21: =receiptsandpayment!R285 -> 460.95
B22: Easement receipt | H22: 15000 | I22: =receiptsandpayment!S285 -> 0
B23: Wayleaves - BT | H23: 2650 | I23: =receiptsandpayment!T285 -> 2626.76
B24: Wayleaves - UK PowerNetwork | H24: 310 | I24: =receiptsandpayment!U285 -> 449.42
B25: Wayleaves - Gigaclear | H25: 641.75 | I25: =receiptsandpayment!V285 -> 0
B26: TOTAL | H26: =SUM(H12:H25) -> 34774.75 | I26: =SUM(I12:I25) -> 21360.15
B27: TOTAL w/o Village Green & Play Area income | C27: =C26-C20-C21-C22-C23-C24-C25-#REF! -> #REF! | H27: =H26-H19-H20-H21-H22-H23-H24-H25 -> 13419 | I27: =I26-I19-I20-I21-I22-I23-I24-I25 -> 16200.42
B29: PAYMENTS
B30: Wages net of PAYE | H30: 2901 | I30: =receiptsandpayment!W285 -> 1961.8
B31: HMRC PAYE | H31: 725 | I31: =receiptsandpayment!X285 -> 541.86
B32: Clerk's Expenses & Stationery | H32: 350 | I32: =receiptsandpayment!Y285 -> 364.4
B33: Training Costs | H33: 500 | I33: =receiptsandpayment!Z285 -> 60
B34: Subscriptions - BALC, SLCC, OSS, BPFA, AVALC, BKV | H34: 150 | I34: =receiptsandpayment!AA285 -> 64.84
B35: Insurance | H35: 1800 | I35: =receiptsandpayment!AB285 -> 1535.05
B36: Data protection - ICO | H36: 40 | I36: =receiptsandpayment!AC285 -> 0
B37: Election Costs | H37: 0 | I37: =receiptsandpayment!AD285 -> 0
B38: Internal Audit | H38: 100 | I38: =receiptsandpayment!AE285 -> 99
B39: External Audit | H39: 0 | I39: =receiptsandpayment!AF285 -> 0
B40: Hire of Village Hall for meetings | H40: 250 | I40: =receiptsandpayment!AG285 -> 0
B41: Play Around the Parishes | H41: 0 | I41: =receiptsandpayment!AH285 -> 0
B42: Devolved Services | H42: 1184 | I42: =receiptsandpayment!AI285 -> 0
B43: Coronation Village events | H43: 500 | I43: =receiptsandpayment!AJ285 -> 0
B44: Pond | H44: 0 | I44: =receiptsandpayment!AK285 -> 0
B45: Emptying of Dog Bins (AVDC) | H45: 500 | I45: =receiptsandpayment!AL285 -> 0
B46: Electrical Equipment - MVAS, PA system | H46: 200 | I46: =receiptsandpayment!AM285 -> 178.8
B47: Grants | H47: 500 | I47: =receiptsandpayment!AN285 -> 730
B48: Website / Laptop | H48: 1000 | I48: =receiptsandpayment!AO285 -> 0
B49: Archiving | H49: 15 | I49: =receiptsandpayment!AP285 -> 0
B50: Footpaths | I50: =receiptsandpayment!AQ285 -> 6.85
B51: VAT | H51: 0 | I51: =receiptsandpayment!AR285 -> 393
B52: PLAY AREA
A53: Play Area | B53: Play Area Maintenance | H53: 1000 | I53: =receiptsandpayment!AS285 -> 1298.76
B54: Pay Area Equipment | H54: 0 | I54: =receiptsandpayment!AT285 -> 2082.43
B55: 200 Club lottery registration | H55: 40 | I55: =receiptsandpayment!AU285 -> 40
B56: Play Area 200 Club prizes | H56: 1680 | I56: =receiptsandpayment!AV285 -> 1030
B57: RoSPA Inspection | H57: 100 | I57: =receiptsandpayment!AW285 -> 131
B58: VILLAGE GREEN
A59: Village Green | B59: Trees & Grounds Maintenance | H59: 1500 | I59: =receiptsandpayment!AX285 -> 0
B60: Village Notice Boards / Benches - maintenance & repairs | H60: 2500 | I60: =receiptsandpayment!AY285 -> 0
B61: Legal Fees for the Green | H61: 1600 | I61: =receiptsandpayment!AZ285 -> 0
B62: Tractor Insurance | H62: 650 | I62: =receiptsandpayment!BA285 -> 564.37
B63: Tractor servicing & repairs | H63: 1000 | I63: =receiptsandpayment!BB285 -> 26.78
B64: Mower servicing & repairs | H64: 200 | I64: =receiptsandpayment!BC285 -> 0
B65: Miscellaneous | I65: =receiptsandpayment!BD285 -> 344.16
B66: TOTAL | H66: =SUM(H30:H60) -> 17535 | I66: =SUM(I30:I65) -> 11453.1
B67: Total w/o Village Green, Play Area expenditure | C67: =C66-C53-C56-C59 -> 0 | H67: =H66-H53-H54-H55-H56-H57-H59-H60-H61-H62-H63-H64 -> 7265 | I67: =I66-I53-I56-I59 -> 9124.34
B69: TOTAL RECEIPTS LESS TOTAL PAYMENTS | C69: =C26-C66 -> 0 | H69: =H26-H66 -> 17239.75 | I69: =I26-I66 -> 9907.05
B71: CLOSING BOOK BALANCE | H71: =H9+H69 -> 97781.84 | I71: =H9+I69 -> 90449.14
B72: Chqs not yet presented
B74: June 2023 | I74: 6.85
B75: August | I75: 35
B76: Sept | I76: 40
B77: Oct | I77: 85
B78: Nov | I78: 130
B79: CLOSING BANK BALANCE | I79: =SUM(I71:I78) -> 90745.99
B81: Reconciliation | I81: 2023/24
B82: Balance at Bank 1st April 2023 | I82: 80542.09
B83: Add: Income | I83: =I26 -> 21360.15
B84: Less: Expenditure | I84: =I66 -> 11453.1
B85: Balance available at Bank | I85: =I82+I83-I84 -> 90449.14
B87: Bank Reconciliation
B88: Treasurer's Account xx560 | I88: 7131.34
B89: Play Area Account xx968 | I89: 6660.39
B90: Charities Account xx860 | I90: 445.8
B91: Village Green Account xx168 | I91: 76508.46
B92: Balance at Bank | I92: =SUM(I88:I91) -> 90745.99
B93: Cheques not deposited | I93: 296.85
B94: Available at 31-10-23 | I94: =I92-I93 -> 90449.14

Sheet Explanation of Variances
A1: Section 1 | B1: 2021/22 | C1: 2022/23 | D1: Variance (+/-) | E1: Explanation of Variances
A3: Box 2 Precept | B3: 10414 | C3: 10935 | D3: =C3-B3 -> 521 | E3: No comment required
A5: Box 3 Other income | B5: 66178 | C5: 9031 | D5: =C5-B5 -> -57147 | E5: Reduction due to fundraising for play area no longer required
A7: Box 4 Staff Costs | B7: 3316 | C7: 3751 | D7: =C7-B7 -> 435 | E7: No comment required
A9: Box 5 Loan Interest | B9: 0 | C9: 0 | D9: =C9-B9 -> 0 | E9: No comment required
A11: Box 6 Other Payments | B11: 42437 | C11: 18919 | D11: =C11-B11 -> -23518 | E11: Reduction due to Play Area completion
A13: Box 7 Balances C/Fwd | B13: 81674 | C13: 80196 | D13: =C13-B13 -> -1478 | E13: No comment required
A15: Box 9 Fixed Assets | B15: 129574 | C15: 129574 | D15: =C15-B15 -> 0 | E15: No comment required
A17: Box 10 Total Borrowings | B17: 0 | C17: 0 | D17: =C17-B17 -> 0 | E17: No comment required
J23: =SUM(J7:J22) -> 0

Sheet End of Year Bank Rec
A1: Ludgershall Parish Council
A2: 1.1 Bank Reconciliation Financial Year Ending 31 March 2023
A4: Balance per Bank Statements as at 31 March 2023 | G4: O/S Cheques
A5: Current Account xx560 | E5: 737.39 | G5: 2123.61
A6: Play Area Account xx968 | E6: 6913.29
A7: Savings Account xx860 | E7: 443.04
A8: Village Green Account xx168 | E8: 74227.23
A9: Net Balance as at 31 March 2022 | E9: =SUM(E5:E8) -> 82320.95 | F9: =SUM(E5:E8)-G5 -> 80197.34
A12: Cash Book
A13: Opening Balance 1 April 2022 | G13: 82901.44
A14: Add: Receipts in the Year | G14: 19966
A15: Less: Payments in the Year | G15: 22670.1
A16: Closing Balance per Cash Book as at 31 March 2023 | G16: =SUM(G13:G14)-G15 -> 80197.34

Sheet Asset Register
A1: Description | B1: Value £
A2: Village Green Title BM66944 purchased by the Village in 1980 | B2: 1 | D2: Nat surf
A3: Village Green Title BM79314 purchased by the Village in 1980 | B3: 1 | D3: Nat surf
A4: Kubota B3030 Tractor (purchased July 2013) | B4: 14934.6 | D4: M&M
A5: Wessex Finishing Mower (purchased July 2013) | B5: 1892.7 | D5: M&M
A6: Marquee (purchased from rder Sept 2004) | B6: 7163.98 | D6: OE
A7: Street Furniture (6 Benches, 2 Noticeboards, 2 Rubbish bins, Picnic table) | B7: 4118.25 | D7: SF
A8: 2 Notice Boards (purchased May 2013) | B8: 1880 | D8: SF
A9: 3 Dog waste bins (purchased August 2013) | B9: 924.63 | D9: SF
A10: Defibrillator & cabinet (purchased March 2014) | B10: 1598.25 | D10: SF
A11: Playground Equipment 2020 | B11: 81000 | D11: Play
A12: Strimmer for Play Area | B12: 180 | D12: M&M
A13: Bike Night Bench (purchased June 2014) | B13: 563 | D13: SF
... A20: Laminator | B20: 51.94 | D20: Office
A21: Barbecue | B21: 320
A22: Memorial & Coronation Bench (purchased 2023) | B22: 1235 | D22: SF
A23: Total | B23: =SUM(B2:B22) -> 131906.17

Sheet page 3
